 Dungeon Crawl Stone Soup version 0.30-a0-782-ge64f9170bb (webtiles) character file.

Game seed: 429723062612887078

10714 MackTheKnife the Eclecticist (level 11, -14/63 HPs)
             Began as a Deep Elf Wanderer on Feb 18, 2023.
             Was a Priest of Vehumet.
             Demolished by a soul eater (17 damage)
             ... on level 11 of the Dungeon.
             The game lasted 00:18:23 (11787 turns).

MackTheKnife the Eclecticist (Deep Elf Wanderer)   Turns: 11787, Time: 00:18:23

Health: -14/63     AC:  7    Str:  7      XL:     11   Next: 39%
Magic:  34/34      EV: 30    Int: 21      God:    Vehumet [***...]
Gold:   422        SH:  0    Dex: 15 (17) Spells: 32/44 levels left

rFire   + + .      SeeInvis .    a - staff of conjuration {!a@e2staff}
rCold   x . .      Faith    .    (no shield)
rNeg    . . .      Spirit   .    D - +0 steam dragon scales
rPois   +          Reflect  .    (no helmet)
rElec   .          Harm     .    X - scarf {repulsion}
rCorr   .          Rampage  .    (no gloves)
Will    +....                    z - +1 pair of boots
Stlth   ++                       r - amulet of the acrobat
HPRegen 0.30/turn                f - ring of fire
MPRegen 0.24/turn                B - ring of protection from fire

@: acrobatic, repel missiles
A: deterioration 1, poison resistance
a: Renounce Religion


You were on level 11 of the Dungeon.
You worshipped Vehumet.
Vehumet was most pleased with you.
You visited 2 branches of the dungeon, and saw 12 of its levels.

You collected 562 gold pieces.
You spent 140 gold pieces at shops.


Innate Abilities, Weirdness & Mutations

Your body sometimes deteriorates upon taking damage.
Your system is resistant to poisons. (rPois)


   Skills:
 + Level 5.0 Fighting
 - Level 1.0 Armour
 + Level 7.0 Dodging
 - Level 2.4 Stealth
 - Level 17.0 Spellcasting
 - Level 6.7 Conjurations
 - Level 1.2 Necromancy
 - Level 7.7 Fire Magic
 - Level 1.1 Evocations


You had 32 spell levels left.
You knew the following spells:

 Your Spells              Type           Power      Damage    Failure   Level
a - Foxfire               Conj/Fire      100%       2x1d9     1%          1
b - Sublimation of Blood  Necr           22%        N/A       3%          2
c - Flame Wave            Conj/Fire      83%        2d18      1%          4
d - Searing Ray           Conj           100%       2d8       1%          2
e - Mephitic Cloud        Conj/Pois/Air  40%        N/A       1%          3

Your spell library contained the following spells:

 Spells                   Type           Power      Damage    Failure   Level
 Sticky Flame             Conj/Fire      83%        2d9       1%          4
 Freeze                   Ice            68%        1d8       1%          1
 Hailstorm                Conj/Ice       48%        3d11      1%          3
 Kindle Blastsparks       Fire/Tloc/Air  84%        2d17      1%          3
 Frozen Ramparts          Ice            34%        1d6       2%          3
 Cigotuvi's Dreadful Rot  Necr/Pois/Air  38%        N/A       4%          2
 Ozocubu's Armour         Ice            17%        N/A       10%         3
 Yara's Violent Unravell  Hex/Tmut       8%         3d5       22%         5
 Metabolic Englaciation   Hex/Ice        8%         N/A       65%         5
 Simulacrum               Ice/Necr       10%        N/A       98%         6
 Enfeeble                 Hex            8%         N/A       100%        7

Inventory:

Hand Weapons
 w - a +5 whip of protection {mace}
   (You took it off an orc on level 3 of the Dungeon)
Armour
 z - a +1 pair of boots (worn)
   (You found it on level 4 of the Dungeon)
 D - +0 steam dragon scales (worn)
   (You found it on level 7 of the Dungeon)
 X - a scarf of repulsion (worn)
   (You found it on level 10 of the Dungeon)
Magical Staves
 a - a staff of conjuration (weapon) {!a@e2staff}
   (You found it on level 3 of the Dungeon)
Jewellery
 f - a ring of fire (left hand)
   (You found it on level 1 of the Dungeon)
 m - a +6 ring of intelligence
   (You took it off an orc priest on level 8 of the Dungeon)
 o - an amulet of faith {!P}
   (You found it on level 5 of the Dungeon)
 p - a ring of willpower
   (You found it on level 6 of the Dungeon)
 r - an amulet of the acrobat (around neck)
   (You found it on level 2 of the Dungeon)
 B - a ring of protection from fire (right hand)
   (You found it on level 4 of the Dungeon)
 E - a ring of ice
   (You found it on level 7 of the Dungeon)
Wands
 A - a wand of roots (20)
   (You took it off Ijyb on level 4 of the Dungeon)
 P - a wand of digging (6)
   (You found it on level 8 of the Dungeon)
 U - a wand of polymorph (2)
   (You found it on level 9 of the Dungeon)
Scrolls
 b - 4 scrolls of fear
 g - 2 scrolls of fog
 s - 2 scrolls of blinking {!r}
 t - a scroll of amnesia
 x - 3 scrolls of magic mapping {!r}
 y - 2 scrolls of poison {!r}
 C - a scroll of vulnerability {!r!r}
 O - 3 scrolls of teleportation {@r4}
 W - a scroll of enchant weapon
Potions
 e - 3 potions of resistance
 h - a potion of might
 i - 4 potions of lignification {!q}
 j - 3 potions of curing {@q1}
 k - a potion of cancellation
 l - a potion of invisibility
 n - a potion of magic
 q - 7 potions of haste {@q3}
 u - 2 potions of attraction {!q}
 v - 3 potions of heal wounds {@q2}
 F - a potion of brilliance
 H - 3 potions of mutation {!q}
 K - 2 potions of flight {unknown}
 Q - a potion of ambrosia {unknown}

Dungeon Overview and Level Annotations

Branches:
Dungeon (11/15) Zot: 26744  Temple (1/1) D:6 Zot: 5971
   Lair: D:8-11         Orc: D:9-12

Altars:
Ashenzari
Cheibriados
Dithmenos
Elyvilon
Fedhas
Gozag
Kikubaaqudgha
Makhleb
Nemelex Xobeh
Okawaru
Qazlal
Ru
Sif Muna
Trog
Vehumet
Wu Jian
Xom
Yredelemnul
Zin
The Shining One

Shops:
D:9

! ## ........#
P.♣♣5...^..#
##♣♣.........#
#..♣!........+
..3.P.......#
+.........#
..##§.. ....
#.........#
#.#...§♣P...
#...3..4@^#
#...§§~.....
#.........#
#.~~~~~...
##'########
#.~~~~.. #..#
#.~~~o.# ##.#
#..♣P.o# #.#
...#o# #.#
#.#'#### ##
###'#######
#.......
..#####
#.#.>...#.#
#.......


You could see a soul eater, a rust devil and a quasit.


Message History

The flame wave engulfs the orc!
You kill the orc!
Vehumet accepts your kill. (Press . to intensify the flame waves.)
You hear a shout! 😕 HP[+1] MP[-4]
You lost 4 mp, and now have 30/34 mp.
A wave of flame ripples out!
The flame wave engulfs something!!
Vehumet accepts your kill.
You feel your power returning.
Reactivating autopickup.
You feel a bit more experienced.
A wave of flame ripples out!
You finish channelling waves of flame.
An orc comes into view. It is wielding a +0 club. 😕 MP[-1]
You lost 1 mp, and now have 29/34 mp.
An orc is nearby! 😕 MP[+1] 😕 HP[+1]
Items here: )) [ †.
Casting: Flame Wave (safe; 1% risk of failure)
Confirm with . or Enter, or press ? or * to list all spells.
Casting: Flame Wave (safe; 1% risk of failure)
Press: ? - help, Dir - look around, f - activate You feel a strong surge of power!
A wave of flame ripples out!
The flame wave engulfs the orc!
You kill the orc!
Vehumet accepts your kill.
You feel your power returning. (Press . to intensify the flame waves.) 😕 MP[-3]
You lost 3 mp, and now have 27/34 mp.
No target in view! 😕 HP[+1] MP[+1] 😕 HP[+1]
You open the door.
There is an open door here. 😕 MP[+1] 😎 HP[+1]
Your hp is fully restored (63).
Found a stone staircase leading down. 😎 MP[+5]
Your mp is fully restored (34).
You open the door.
There is an open door here.
You open the door.
A boulder beetle comes into view.
There is an open door here.
A boulder beetle is nearby!
You close the door.
There is an open door here.
You start waiting.
Done waiting.
There is a stone staircase leading down here.
You open the door.
There is an open door here.
You now have 422 gold pieces (gained 8).
You open the door.
A rust devil comes into view.
Found an escape hatch in the ceiling.
The rust devil screeches!
You hear a roar!
A soul eater comes into view.
There is an open door here.
A quasit comes into view.
The quasit gives a chilling moan.
The quasit bites the demonic plant.
The demonic plant begins to die.
The quasit claws the demonic plant. x2; The quasit bites the demonic plant.
The quasit claws the demonic plant. x2
A smoke demon comes into view.
The quasit bites the demonic plant.
The quasit claws the demonic plant. x2
The rust devil completely misses you.
The rust devil attacks as you move away!
The rust devil completely misses you.
The quasit bites the demonic plant.
The quasit claws the demonic plant. x2
The smoke demon gestures at you. Something smites you! 😕 HP[-12]
You take 12 damage, and now have 51/63 hp.
The quasit bites the demonic plant.
The quasit claws the demonic plant. x2
The smoke demon gestures at you. Something smites you!
Your body deteriorates!
You feel clumsy. 😮 HP[-15]
You take 15 damage, and now have 36/63 hp.
MASSIVE DAMAGE!! (PAUSE)
The rust devil attacks as you move away!
The rust devil misses you.
The soul eater draws from the surrounding life force!
* * * LOW HITPOINT WARNING * * *
The smoke demon gestures at you. Something smites you!
* * * LOW HITPOINT WARNING * * *
Your body deteriorates!
You feel clumsy. 😱 HP[-33]
You take 33 damage, and now have 3/63 hp.
MASSIVE DAMAGE!! (PAUSE) Unknown command.
A nearby demonic plant withers and dies.
The soul eater draws from the surrounding life force!
You die...

Skill      XL: |  1  2  3  4  5  6  7  8  9 10 11 |
---------------+----------------------------------+-----
Spellcasting   | 2 3 4 5 7 10 14 17 | 17.0
Conjurations   | 1 2 3 4 5 6 |  6.7
Fire Magic     | 4 5 6 7 |  7.7
Dodging        | 4 7 |  7.0
Fighting       | 3 5 |  5.0
Armour         | |  1.0
Stealth        | |  2.4
Necromancy     | |  1.2
Evocations     | |  1.1

Action                     |  1- 3 |  4- 6 |  7- 9 | 10-12 || total
---------------------------+-------+-------+-------+-------++-------
  Melee: Dagger            |    13 |     2 |       |       ||    15
         Staff             |       |     5 |     2 |       ||     7
   Cast: Foxfire           |    89 |   177 |   148 |     3 ||   417
         Sublimation of Bl |       |     3 |       |       ||     3
         Flame Wave        |       |       |    35 |    34 ||    69
         Searing Ray       |       |       |       |     9 ||     9
  Evoke: Wand              |       |       |     9 |       ||     9
    Use: Scroll            |       |    12 |    10 |     2 ||    24
         Potion            |       |       |     4 |       ||     4
 Armour: Robe              |    14 |    10 |    12 |       ||    36
         Steam dragon scal |       |       |     3 |     8 ||    11
  Dodge: Dodged            |    32 |    30 |    43 |    57 ||   162

Levels and vault maps discovered:
D:1:      roderic_octagonal_star, layout_rooms,
          ebering_ecumenical_altar_abandoned
D:2:      layout_basic, serial_bayou, serial_bayou_pond_b, serial_bayou_pond_c,
          serial_bayou_lagoon_a, serial_bayou_ford_a
D:3:      minmay_general_purpose_star, layout_loops_cross,
          small_statue_intersection
D:4:      kennysheep_goblin_castle, layout_basic
D:5:      layout_basic, st_stairs_3, hangedman_abyss_or_decor_stabs,
          uniq_grinder
D:6:      layout_loops_ring, nemelex_dance_club_becter,
          minmay_temple_entry_statues_pillars, corexii_hall_statues_x
D:7:      layout_loops_ring, overflow_temple_1_default,
          pdpol_wu_jian_five_deadly_venoms, yredelemnul_altar_generic,
          grunt_tough_drop
D:8:      layout_basic
D:9:      layout_roguey, amcnicky_altar_gilded, serial_shops,
          nicolae_shop_stone, uniq_joseph
D:10:     layout_layer_cave, mainiacjoe_overflow_large_starburst, erik_orc_1,
          uniq_fannar
D:11:     layout_roguey, lair_entry_dummy, serial_demonic, serial_demonic_e,
          serial_demonic_f, serial_demonic_g, serial_demonic_c,
          minmay_stone_trees_medium
Temple:   minmay_freezing_vapour_temple

Notes
Turn   | Place    | Note
-------+----------+-------------------------------------------
     0 | D:1      | MackTheKnife the Deep Elf Wanderer began the quest for the
                  | Orb.
     0 | D:1      | MackTheKnife set off with the following items: a +0 dagger
                  | {short}, a scroll of fear, a +0 robe, a +0 cloak; and the
                  | following spell memorised: Foxfire; and the following
                  | spells available to memorise: Sublimation of Blood,
                  | Cigotuvi's Dreadful Rot, Kindle Blastsparks, Flame Wave.
     0 | D:1      | Reached XP level 1. HP: 12/12 MP: 5/5
     0 | D:1      | magus.rc [v1.9.6]
    94 | D:1      | You pick up a book of Misfortune and begin reading...
    94 | D:1      | You add the spells Yara's Violent Unravelling and Enfeeble
                  | to your library.
   228 | D:1      | Reached skill level 2 in Spellcasting
   289 | D:1      | Reached skill level 1 in Conjurations
   289 | D:1      | Reached XP level 2. HP: 16/16 MP: 5/7
   496 | D:1      | Found a faded altar of an unknown god.
   746 | D:1      | Reached XP level 3. HP: 20/20 MP: 3/8
  1095 | D:2      | Learned a level 2 spell: Sublimation of Blood
  1336 | D:2      | Reached skill level 3 in Spellcasting
  1336 | D:2      | Reached skill level 2 in Conjurations
  1336 | D:2      | Reached skill level 4 in Fire Magic
  1583 | D:2      | Reached XP level 4. HP: 25/25 MP: 6/10
  1592 | D:2      | Learned a level 4 spell: Flame Wave
  2765 | D:3      | You pick up a book of Winter and begin reading...
  2765 | D:3      | You add the spells Ozocubu's Armour, Metabolic Englaciation
                  | and Simulacrum to your library.
  3441 | D:4      | Reached skill level 4 in Spellcasting
  3441 | D:4      | Reached XP level 5. HP: 26/29 MP: 4/13
  3543 | D:4      | Reached skill level 3 in Conjurations
  3687 | D:4      | Reached skill level 5 in Fire Magic
  3750 | D:4      | Reached XP level 6. HP: 24/34 MP: 9/15
  3790 | D:4      | Reached skill level 5 in Spellcasting
  3968 | D:4      | Reached skill level 4 in Conjurations
  4177 | D:4      | Noticed Ijyb
  4183 | D:4      | Killed Ijyb
  4997 | D:4      | magus.rc [v1.9.6]
  5034 | D:5      | Entered Level 5 of the Dungeon
  5042 | D:5      | Reached XP level 7. HP: 38/38 MP: 10/17
  5140 | D:5      | Noticed Grinder
  5144 | D:5      | Killed Grinder
  5145 | D:5      | Reached skill level 6 in Spellcasting
  5145 | D:5      | Reached skill level 5 in Conjurations
  5145 | D:5      | Reached skill level 6 in Fire Magic
  5186 | D:5      | Reached skill level 7 in Spellcasting
  5186 | D:5      | HP: 7/38 [orc/+0 short sword (4)]
  5208 | D:5      | Reached XP level 8. HP: 14/43 MP: 2/20
  5983 | D:6      | magus.rc [v1.9.6]
  6025 | D:6      | Reached skill level 6 in Conjurations
  6025 | D:6      | Reached skill level 7 in Fire Magic
  6654 | D:6      | Reached skill level 8 in Spellcasting
  6732 | D:6      | Found a staircase to the Ecumenical Temple.
  6745 | Temple   | Entered the Ecumenical Temple
  6768 | Temple   | Became a worshipper of Vehumet
  6946 | D:6      | Found a sparkling altar of Nemelex Xobeh.
  7038 | D:6      | You pick up a book of Frost and begin reading...
  7038 | D:6      | You add the spells Freeze, Frozen Ramparts and Hailstorm to
                  | your library.
  7115 | D:7      | Found a basalt altar of Yredelemnul.
  7133 | D:6      | Reached skill level 9 in Spellcasting
  7254 | D:7      | Reached skill level 10 in Spellcasting
  7254 | D:7      | Reached XP level 9. HP: 47/47 MP: 16/25
  7592 | D:7      | Reached skill level 11 in Spellcasting
  7640 | D:7      | Reached * piety under Vehumet
  7640 | D:7      | Offered knowledge of Magic Dart by Vehumet.
  8076 | D:7      | Reached skill level 12 in Spellcasting
  8414 | D:7      | Found a snail-covered altar of Cheibriados.
  8462 | D:7      | Found an ornate altar of the Wu Jian Council.
  8591 | D:7      | Gained mutation: You sometimes lose your temper in combat.
                  | [potion of mutation]
  8591 | D:7      | Gained mutation: Potions are less effective at restoring
                  | your health. [potion of mutation]
  8592 | D:7      | Lost mutation: Potions are less effective at restoring your
                  | health. [potion of mutation]
  8592 | D:7      | Lost mutation: You sometimes lose your temper in combat.
                  | [potion of mutation]
  8592 | D:7      | Gained mutation: You occasionally lose the ability to drink
                  | potions when taking damage. [potion of mutation]
  8592 | D:7      | Gained mutation: You have sharp toenails. [potion of
                  | mutation]
  8593 | D:7      | Lost mutation: You occasionally lose the ability to drink
                  | potions when taking damage. [potion of mutation]
  8593 | D:7      | Lost mutation: You have sharp toenails. [potion of
                  | mutation]
  8593 | D:7      | Gained mutation: Your body sometimes deteriorates upon
                  | taking damage. [potion of mutation]
  8593 | D:7      | Gained mutation: Your system is resistant to poisons.
                  | (rPois) [potion of mutation]
  8648 | D:8      | Reached skill level 13 in Spellcasting
  8660 | D:8      | Reached skill level 14 in Spellcasting
  8825 | D:8      | HP: 6/47 [orc priest/divine providence (16)]
  8831 | D:8      | Reached XP level 10. HP: 16/52 MP: 18/30
  9019 | D:8      | Noticed a two-headed ogre
  9025 | D:8      | Killed a two-headed ogre
  9025 | D:8      | Offered knowledge of Searing Ray by Vehumet.
  9026 | D:8      | Reached skill level 15 in Spellcasting
  9092 | D:8      | Learned a level 2 spell: Searing Ray
  9371 | D:8      | Reached ** piety under Vehumet
  9960 | D:9      | Found a blossoming altar of Fedhas.
 10055 | D:9      | Noticed Joseph
 10065 | D:9      | Killed Joseph
 10066 | D:9      | Reached skill level 16 in Spellcasting
 10396 | D:9      | Reached skill level 17 in Spellcasting
 10434 | D:9      | Offered knowledge of Mephitic Cloud by Vehumet.
 10435 | D:9      | Reached skill level 1 in Dodging
 10480 | D:9      | Learned a level 3 spell: Mephitic Cloud
 10494 | D:9      | Reached skill level 2 in Dodging
 10495 | D:9      | Reached skill level 2 in Fighting
 10495 | D:9      | Reached *** piety under Vehumet
 10531 | D:9      | Found Tasotem's Distillery.
 10539 | D:9      | Bought a potion of heal wounds for 70 gold pieces
 10539 | D:9      | Bought a potion of heal wounds for 70 gold pieces
 10543 | D:9      | Reached skill level 3 in Dodging
 10823 | D:9      | Reached skill level 3 in Fighting
 10823 | D:9      | Reached skill level 4 in Dodging
 10828 | D:9      | Reached XP level 11. HP: 47/60 MP: 23/34
 11158 | D:10     | Entered Level 10 of the Dungeon
 11165 | D:10     | Reached skill level 5 in Dodging
 11165 | D:10     | Offered knowledge of Sticky Flame by Vehumet.
 11190 | D:10     | Reached skill level 4 in Fighting
 11199 | D:10     | Reached skill level 6 in Dodging
 11210 | D:10     | Reached skill level 5 in Fighting
 11486 | D:10     | Reached skill level 7 in Dodging
 11532 | D:10     | You fall into a shaft and drop 1 floor!
 11642 | D:11     | Noticed a boulder beetle
 11781 | D:11     | Noticed a soul eater
 11786 | D:11     | HP: 3/63 [smoke demon/divine providence (13)]
 11787 | D:11     | Demolished by a soul eater

Vanquished Creatures
  A two-headed ogre (D:8)
  Joseph (D:9)
  2 hornets (D:9)
  Grinder (D:5)
  A wraith (D:10)
  29 yaks
  A steam dragon (D:7)
  2 water moccasins (D:7)
  3 orc warriors
  2 black bears
  2 ice beasts
  A sky beast (D:6)
  2 centaurs
  2 ogres
  2 phantoms
  4 kobold brigands
  3 necrophages
  A gnoll sergeant (D:10)
  5 bullfrogs
  2 scorpions
  4 wights
  20 killer bees (D:9)
  3 howler monkeys
  3 hounds
  A jelly (D:7)
  8 orc priests
  2 gnoll boudas
  4 iguanas
  Ijyb (D:4)
  17 orc wizards
  9 gnolls
  4 adders
  A white imp (D:6)
  2 ufetubi
  3 dart slugs
  21 orcs
  10 endoplasms
  5 giant cockroaches
  8 hobgoblins
  15 jackals
  11 quokkas
  6 ball pythons
  7 bats
  4 frilled lizards
  13 goblins
  23 kobolds
  7 rats
279 creatures vanquished.

Vanquished Creatures (collateral kills)
  3 foxfires (D:2)
3 creatures vanquished.

Vanquished Creatures (others)
  2 demonic plants (D:11)
  637 foxfires
  7 plants (D:2)
646 creatures vanquished.

Grand Total: 928 creatures vanquished

Table legend:
 A = Non-vault XP
 B = Vault XP
 C = Vault XP percentage of total XP
 D = Non-vault monster count
 E = Vault monster count
 F = Vault count percentage of total count
                 A         B        C        D         E       F
            +---------+---------+-------+---------+---------+-------
      Total |   13873 |    1433 |   9.4 |     250 |      29 |  10.4
            +---------+---------+-------+---------+---------+-------
        D:1 |      51 |       0 |   0.0 |      31 |       0 |   0.0
        D:2 |      42 |      19 |  31.1 |      22 |       4 |  15.4
        D:3 |      44 |      13 |  22.8 |      18 |       1 |   5.3
        D:4 |     471 |      58 |  11.0 |      20 |      12 |  37.5
        D:5 |     452 |     401 |  47.0 |      14 |       3 |  17.6
        D:6 |     649 |     123 |  15.9 |      18 |       2 |  10.0
        D:7 |    1501 |     326 |  17.8 |      27 |       6 |  18.2
        D:8 |    2909 |       0 |   0.0 |      29 |       0 |   0.0
        D:9 |    3471 |     493 |  12.4 |      40 |       1 |   2.4
       D:10 |    4242 |       0 |   0.0 |      28 |       0 |   0.0
       D:11 |      41 |       0 |   0.0 |       3 |       0 |   0.0
            +---------+---------+-------+---------+---------+-------

Illustrated notes

Table legend:
 A = Kills in this place as a percentage of kills in entire the game.
 B = Kills by you in this place as a percentage of kills by you in the entire game.
 C = Kills by friends in this place as a percentage of kills by friends in the entire game.
 D = Other kills in this place as a percentage of other kills in the entire game.
 E = Experience gained in this place as a percentage of experience gained in the entire game.
 F = Experience gained in this place divided by the number of levels of this place that you have seen.
                   A       B       C       D       E      F
               +-------+-------+-------+-------+-------+----------------------
         Total | 100.0 | 100.0 |   N/A |   N/A | 100.0 | 1275.5
       Dungeon | 100.0 | 100.0 |   N/A |   N/A | 100.0 | 1391.5
               +-------+-------+-------+-------+-------+----------------------

Table legend: (Time is in decaauts)
 A = Elapsed time spent in this place.
 B = Non-inter-level travel time spent in this place.
 C = Inter-level travel time spent in this place.
 D = Time resting spent in this place.
 E = Time spent auto-exploring this place.
 F = Levels seen in this place.
 G = Mean time per level.
                   A        B        C        D        E       F      G
               +--------+--------+--------+--------+--------+-----+--------+
         Total |  11818 |  11370 |    448 |   1823 |   8049 |  12 |  984.8 |
       Dungeon |  11789 |  11346 |    443 |   1823 |   8049 |  11 | 1071.7 |
        Temple |     28 |     23 |      5 |      0 |      0 |   1 |   28.0 |
               +--------+--------+--------+--------+--------+-----+--------+

Top non-repeatable levels by time:
     D:4: 1722 daAuts
     D:7: 1431 daAuts
     D:8: 1323 daAuts
     D:3: 1278 daAuts
     D:9: 1217 daAuts
     D:6: 1193 daAuts
     D:1: 1113 daAuts
     D:2: 1044 daAuts
     D:5: 853 daAuts
    D:10: 357 daAuts
    D:11: 254 daAuts
  Temple: 28 daAuts
